 Dungeon Crawl Stone Soup version 0.31-a0-229-g1fc7ce93e2 (webtiles) character file.

Game seed: 15284212734274452690

90 qw the Shooter (level 4, -2/26 HPs)
             Began as a Gargoyle Hexslinger on July 6, 2023.
             Killed by nerve-wracking pain
             ... invoked by an orc priest
              (5 damage)
             ... on level 2 of the Dungeon.
             The game lasted 00:00:41 (1904 turns).

qw the Shooter (Gargoyle Hexslinger)                Turns: 1904, Time: 00:00:41

Health: -2/26      AC:  6    Str: 11    XL:     4   Next: 56%
Magic:  5/5        EV: 11    Int: 14    God:
Gold:   141        SH:  0    Dex: 14    Spells: 4/5 levels left

rFire   . . .        Y - +2 sling
rCold   . . .        (no shield)
rNeg    + . .        f - +0 leather armour
rPois   inf          (no helmet)
rElec   +            (no cloak)
rCorr   .            (no gloves)
SInv    .            (no boots)
Will    .....        (no amulet)
Stlth   +            (no ring)
HPRegen 0.24/turn    (no ring)
MPRegen 0.09/turn

%: no passive effects
@: no status effects
A: sickness immunity, AC +3, negative energy resistance 1, electricity
resistance, torment resistance 1, petrification resistance
a: no special abilities


You were on level 2 of the Dungeon.
You visited 1 branch of the dungeon, and saw 3 of its levels.

You collected 141 gold pieces.


Innate Abilities, Weirdness & Mutations

You are immune to sickness and miasma.
Your stone body is resilient. (AC +3)
You are immune to poison.
You resist negative energy. (rN+)
You are resistant to electric shocks. (rElec)
You are resistant to unholy torment.
You are immune to petrification.


   Skills:
 - Level 2.0 Fighting
 + Level 4.3 Ranged Weapons
 - Level 1.5 Dodging
 - Level 1.0 Spellcasting
 - Level 2.6 Hexes


You had 4 spell levels left.
You knew the following spells:

 Your Spells              Type           Power      Damage    Failure   Level
a - Slow                  Hex            32%        N/A       12%         1

Your spell library contained the following spells:

 Spells                   Type           Power      Damage    Failure   Level
 Inner Flame              Hex/Fire       4%         N/A       52%         3
 Portal Projectile        Hex/Tloc       8%         N/A       52%         3
 Cause Fear               Hex            4%         N/A       75%         4

Inventory:

Hand Weapons
 Y - a +2 sling (weapon)
Armour
 f - a +0 leather armour (worn)
Scrolls
 b - a scroll of identify
Potions
 d - a potion of haste
 e - a potion of might
 g - a potion of curing

Dungeon Overview and Level Annotations

Branches:
Dungeon (3/15)

Altars:


Message History

1884 ||| STAIRDANCE You climb upwards.
There is a stone staircase leading down here.
You start resting.
HP restored.
Done exploring.
(D) Dungeon
Where to? (* - list waypoints, Enter - D:3, ? - help)
What level of the Dungeon? (default 1, ? - help)
You climb downwards.
There is a stone staircase leading up here.
There are monsters nearby!
You shoot a sling bullet.
The sling bullet barely misses the orc priest.
The orc priest hits you with a +0 falchion of protection.
The orc throws a stone.
The stone hits you but does no damage.
You shoot a sling bullet.
The sling bullet closely misses the orc priest.
The orc priest completely misses you.
You shoot a sling bullet.
The sling bullet hits the orc priest but does no damage.
The orc priest invokes the aid of Beogh against you.
Beogh smites you!
The orc throws a stone.
The stone barely misses you.
1900 ||| STAIRDANCE The orc priest barely misses you.
You climb upwards.
There is a stone staircase leading down here.
You shoot a sling bullet.
The sling bullet hits the orc priest but does no damage.
The orc priest hits you with a +0 falchion of protection.
You shoot a sling bullet.
The sling bullet closely misses the orc priest.
The orc priest misses you.
The orc priest mumbles some strange prayers to Beogh against you.
Beogh smites you!
You shoot a sling bullet. The sling bullet hits the orc priest.
The orc priest is moderately wounded.
The orc priest mumbles some strange prayers to Beogh against you.
Pain shoots through your body!
You die...

############ #..........#
#..........# ######..........#
#....?..........#
##.####..).......#
#).....<..........
#o#####..........#
#@)..............#
#######..........# ##############
#.#...#####. #............#
#.#.#.## #. #............#
#.#.#..####. #............#
#.#.........
#............#########.####.....#
#............#.........# #####.#
#............#.######### #.#


You could see an orc priest.

Vanquished Creatures
  2 adders (D:2)
  5 orcs (D:2)
  6 ball pythons
  6 endoplasms
  2 giant cockroaches
  4 goblins
  3 hobgoblins
  15 jackals
  5 kobolds
  4 quokkas
  3 bats
  A rat (D:1)
56 creatures vanquished.

Notes
Turn   | Place    | Note
-------+----------+-------------------------------------------
     0 | D:1      | qw the Gargoyle Hexslinger began the quest for the Orb.
     0 | D:1      | Reached XP level 1. HP: 12/12 MP: 2/2
     0 | D:1      | 0 ||| qw: Version: 0.3-a-46-gb1f654a
     0 | D:1      | 0 ||| qw: Game counter: 1636
     0 | D:1      | 0 ||| qw: Melee chars always use a shield: true
     0 | D:1      | 0 ||| qw: God list: Okawaru
     0 | D:1      | 0 ||| qw: Allow faded altars: false
     0 | D:1      | 0 ||| qw: Do Orc after clearing Dungeon:15 true
     0 | D:1      | 0 ||| qw: Do second Lair branch before Depths: true
     0 | D:1      | 0 ||| qw: Lair rune preference: random
     0 | D:1      | 0 ||| qw: Goals: Normal
     0 | D:1      | 0 ||| PLANNING D:1-11
    47 | D:1      | HP: 3/12 [jackal (2)]
    51 | D:1      | Reached XP level 2. HP: 6/16 MP: 3/3
   236 | D:1      | Reached skill level 3 in Ranged Weapons
   339 | D:1      | Reached XP level 3. HP: 21/21 MP: 4/4
   906 | D:1      | 906 ||| READING scroll labelled YMAPRU TEMA.
   907 | D:1      | 907 ||| DRINKING 2 yellow potions.
   908 | D:1      | 908 ||| DRINKING 2 dark potions.
   909 | D:1      | 909 ||| DROPPING scroll of poison.
  1366 | D:2      | Found a faded altar of an unknown god.
  1373 | D:2      | Reached XP level 4. HP: 26/26 MP: 5/5
  1595 | D:2      | Reached skill level 4 in Ranged Weapons
  1675 | D:2      | 1675 ||| UPGRADING to +0 leather armour.
  1685 | D:2      | 1685 ||| DROPPING +0 robe.
  1686 | D:2      | 1686 ||| READING scroll labelled POJUCY XALAODGH.
  1687 | D:2      | 1687 ||| READING 3 scrolls labelled QARELIPUCI.
  1688 | D:2      | 1688 ||| READING 2 scrolls of identify.
  1688 | D:2      | 1688 ||| IDENTIFYING murky black potion
  1741 | D:3      | 1741 ||| STAIRDANCE
  1779 | D:3      | 1779 ||| STAIRDANCE
  1784 | D:2      | HP: 5/26 [jackal (3)]
  1792 | D:2      | HP: 5/26 [jackal (1)]
  1884 | D:3      | 1884 ||| STAIRDANCE
  1900 | D:3      | 1900 ||| STAIRDANCE
  1903 | D:2      | HP: 2/26 [orc priest/divine providence (12)]
  1904 | D:2      | Killed from afar by an orc priest

Levels and vault maps discovered:
D:1:      heliophobic_arrival_glass_houses, layout_basic
D:2:      layout_basic, ebering_ecumenical_altar_box
D:3:      layout_rooms, lightli_temple_of_fire, minmay_surrounded

Skill      XL: |  1  2  3  4 |
---------------+-------------+-----
Ranged Weapons | 3 4 |  4.3
Fighting       | 2 |  2.0
Dodging        | |  1.5
Spellcasting   | |  1.0
Hexes          | |  2.6

Action                     |  1- 3 |  4- 6 || total
---------------------------+-------+-------++-------
   Fire: Sling             |   111 |    62 ||   173
    Use: Potion            |     2 |       ||     2
         Scroll            |     1 |     3 ||     4
 Armour: Robe              |    27 |     5 ||    32
         Leather armour    |       |    27 ||    27
  Dodge: Dodged            |    41 |    40 ||    81

Table legend:
 A = Non-vault XP
 B = Vault XP
 C = Vault XP percentage of total XP
 D = Non-vault monster count
 E = Vault monster count
 F = Vault count percentage of total count
                 A         B        C        D         E       F
            +---------+---------+-------+---------+---------+-------
      Total |     129 |       0 |   0.0 |      56 |       0 |   0.0
            +---------+---------+-------+---------+---------+-------
        D:1 |      46 |       0 |   0.0 |      26 |       0 |   0.0
        D:2 |      81 |       0 |   0.0 |      29 |       0 |   0.0
        D:3 |       2 |       0 |   0.0 |       1 |       0 |   0.0
            +---------+---------+-------+---------+---------+-------
